 Dungeon Crawl Stone Soup version 0.22.1-1-ga44c0e5 (webtiles) character file.

323 Markonkel the Archer (level 6, 0/52 HPs)
             Began as a Centaur Hunter on Sept 27, 2018.
             Succumbed to an adder's poison
             ... on level 4 of the Dungeon.
             The game lasted 00:08:57 (3973 turns).

Markonkel the Archer (Centaur Hunter)               Turns: 3973, Time: 00:08:57

Health: 0/52       AC:  4    Str: 16    XL:     6   Next: 23%
Magic:  6/6        EV:  9    Int: 10    God:
Gold:   163        SH:  0    Dex: 10    Spells: 5/5 levels left

rFire    . . .     SeeInvis .   a - +3 short sword
rCold    . . .     Gourm    .   (no shield)
rNeg     . . .     Faith    .   c - +0 leather armour
rPois    .         Spirit   .   (no helmet)
rElec    .         Reflect  .   (no cloak)
rCorr    .         Harm     .   (no gloves)
MR       .....                  (no barding)
Stlth    +.........             (no amulet)
HPRegen  0.17/turn              (no ring)
MPRegen  0.10/turn              (no ring)

@: lethally poisoned (0 -> -7), very quick
A: large, hooves 3, deformed body, speed 2, tough skin 3
a: no special abilities


You were on level 4 of the Dungeon.
You were not hungry.

You visited 1 branch of the dungeon, and saw 4 of its levels.

You collected 163 gold pieces.

Inventory:

Hand Weapons
 a - a +3 short sword (weapon)
 b - a +1 shortbow
Missiles
 p - 10 poisoned needles
 q - 13 arrows
 v - 6 javelins
 Q - 17 stones (quivered)
Armour
 c - a +0 leather armour (worn)
 m - a +0 chain mail
Jewellery
 r - a cursed ring of attention {unknown}
Scrolls
 i - 8 scrolls of identify {unknown}
 k - 2 scrolls of remove curse
 o - a scroll of fog {unknown}
 t - 2 scrolls of teleportation
 u - a scroll of random uselessness {unknown}
Potions
 f - a potion of haste {unknown}
 g - a potion of heal wounds {unknown}
 h - 4 potions of agility {unknown}
 j - 2 potions of degeneration {unknown}
 l - 2 potions of curing {unknown}
 s - a potion of mutation {unknown}
Comestibles
 e - 5 rations
 n - 2 chunks of flesh


   Skills:
 + Level 4.1 Fighting
 * Level 8.7 Bows
 - Level 1.3 Dodging
 - Level 0.4 Stealth


You had 5 spell levels left.
You didn't know any spells.
Your spell library was empty.

Dungeon Overview and Level Annotations

Branches:
Dungeon (4/15)
 Temple: D:4-7

Altars:

Annotations:
D:4 Pikel


Innate Abilities, Weirdness & Mutations

You have hooves in place of feet.
Armour fits poorly on your strangely shaped body.
You cover ground very quickly.
You have extremely tough skin. (AC +3)


Message History

The adder bites you but does no damage. The quokka barely misses you.
You are too injured to fight recklessly!
a - a +3 short sword (weapon)
You feel sick. The adder bites you but does no damage. The quokka bites you.
* * * LOW HITPOINT WARNING * * *
You take 6 damage, and have 4/52 hp.
You hit the quokka. The adder bites you.
* * * LOW HITPOINT WARNING * * *
You are lethally poisoned!
The adder poisons you! The quokka barely misses you.
You take 1 damage, and have 3/52 hp.
You barely miss the quokka.
* * * LOW HITPOINT WARNING * * *
You feel sick. The adder barely misses you. The quokka bites you.
* * * LOW HITPOINT WARNING * * *
The adder barely misses you.
You take 2 damage, and have 1/52 hp.
You closely miss the quokka.
Your surroundings suddenly seem different.
You die...

#$ #<. #.## .. #.$....
##...#p ...p(..#
.......###########
.......K....$...@#
#.....<............#
#...K#######........#
####.# #.........# #.#
#..........#
#####.######..........#
..[..>p......$........#
#####.####.##.O.....#.#
#pK†.K..O....#


You could see an ogre.

Vault maps used:
D:1:      lightli_arrival_statue_moat, minmay_misc_feat_hallway,
          grunt_decor_fettered
D:2:      minmay_misc_feat_ornament
D:3:      minmay_fountain_box, minivault_19
D:4:      lemuel_round_altar, first_ration, uniq_pikel

Notes
Turn   | Place    | Note
-------+----------+-------------------------------------------
     0 | D:1      | Markonkel the Centaur Hunter began the quest for the Orb.
     0 | D:1      | Reached XP level 1. HP: 17/17 MP: 1/1
    56 | D:1      | Identified a +0 short sword
   234 | D:1      | Identified a +1 shortbow
   396 | D:1      | Reached XP level 2. HP: 24/24 MP: 2/2
   854 | D:1      | Identified a +3 short sword (You took it off a kobold on
                  | level 1 of the Dungeon)
   924 | D:1      | Identified a +0 ring mail (You found it on level 1 of the
                  | Dungeon)
   934 | D:1      | Identified a +0 leather armour
  1007 | D:1      | Identified a +0 chain mail (You found it on level 1 of the
                  | Dungeon)
  1050 | D:2      | Reached skill level 6 in Bows
  1278 | D:2      | Reached XP level 3. HP: 21/30 MP: 3/3
  1857 | D:2      | Reached XP level 4. HP: 37/37 MP: 4/4
  1978 | D:2      | Reached skill level 3 in Fighting
  2128 | D:2      | Reached skill level 7 in Bows
  3038 | D:3      | Reached XP level 5. HP: 33/45 MP: 5/5
  3657 | D:4      | Noticed Pikel
  3657 | D:4      | Noticed a slave
  3657 | D:4      | Noticed a slave
  3657 | D:4      | Noticed a slave
  3657 | D:4      | Noticed a slave
  3730 | D:4      | Noticed a phantom
  3759 | D:4      | Killed a phantom
  3759 | D:4      | Reached skill level 4 in Fighting
  3759 | D:4      | Reached skill level 8 in Bows
  3759 | D:4      | Reached XP level 6. HP: 36/52 MP: 6/6
  3947 | D:4      | Identified a scroll of fear
  3968 | D:4      | Identified 3 scrolls of remove curse
  3968 | D:4      | HP: 10/52 [quokka (4)]
  3969 | D:4      | Identified 3 scrolls of teleportation
  3970 | D:4      | HP: 4/52 [quokka (5)]
  3972 | D:4      | HP: 1/52 [quokka (2)]
  3973 | D:4      | Succumbed to an adder's poison

Table legend:
 A = Turns spent in this place as a percentage of turns spent in the entire game.
 B = Non-inter-level travel turns spent in this place as a percentage of non-inter-level travel turns spent in the entire game.
 C = Inter-level travel turns spent in this place as a percentage of turns spent in this place.
 D = Turns resting spent in this place as a percentage of non-inter-level travel turns spent in this place.
 E = Turns spent auto-exploring this place as a percentage of non-inter-level travel turns spent in this place.
 F = Non-inter-level travel turns spent in this place divided by the number of levels of this place that you've seen.
                   A       B       C       D       E      F
               +-------+-------+-------+-------+-------+----------------------
         Total | 100.0 | 100.0 |   5.9 |   0.0 |  80.7 | 934.2
       Dungeon | 100.0 | 100.0 |   5.9 |   0.0 |  80.7 | 934.2
               +-------+-------+-------+-------+-------+----------------------

Table legend:
 A = Kills in this place as a percentage of kills in entire the game.
 B = Kills by you in this place as a percentage of kills by you in the entire game.
 C = Kills by friends in this place as a percentage of kills by friends in the entire game.
 D = Other kills in this place as a percentage of other kills in the entire game.
 E = Experience gained in this place as a percentage of experience gained in the entire game.
 F = Experience gained in this place divided by the number of levels of this place that you have seen.
                   A       B       C       D       E      F
               +-------+-------+-------+-------+-------+----------------------
         Total | 100.0 | 100.0 |   N/A |   N/A | 100.0 | 115.5
       Dungeon | 100.0 | 100.0 |   N/A |   N/A | 100.0 | 115.5
               +-------+-------+-------+-------+-------+----------------------

Skill      XL: |  1  2  3  4  5 |
---------------+----------------+-----
Bows           | 6 7 8 |  8.7
Fighting       | 3 4 |  4.1
Dodging        | |  1.3
Stealth        | |  0.4

Action                   |  1- 3 |  4- 6 || total
-------------------------+-------+-------++-------
Melee: Short sword       |    63 |   115 ||   178
       Kick              |    12 |    22 ||    34
 Fire: Shortbow          |    25 |    29 ||    54
Throw: Stone             |       |     3 ||     3
  Use: Scroll            |       |     3 ||     3
  Eat: Chunk             |     2 |     5 ||     7
Armor: Leather armour    |    14 |    37 ||    51
Dodge: Dodged            |    43 |    59 ||   102

Vanquished Creatures
  A phantom (D:4)
  A hound (D:4)
  An orc wizard (D:3)
  9 adders
  6 worms
  A dart slug (D:1)
  2 leopard geckos (D:2)
  3 orcs
  5 giant cockroaches
  4 goblins
  6 hobgoblins
  10 jackals
  8 bats
  7 frilled lizards
  5 kobolds
  6 rats
75 creatures vanquished.
